Cogmind - Beta 14 @@@ ROGUE MODE // 2025.03.14 @ 07:33:49 Player: Dosh Result: Destroyed by G-34 Mercenary with Small Laser Performance ------------- Evolutions (0) 0 Regions Visited (2) 400 Robots Destroyed (21) 105 Value Destroyed (491) 491 Prototype IDs (4) 80 Alien Tech Used (0) 0 Bonus (0) 0 TOTAL SCORE: 1076 Bonus ------- None Cogmind --------- Core Integrity 0/250 Matter 164/300 Energy 250/250 System Corruption 0% Temperature Warm (114) Movement Treading (160) Location -10/Mines Parts ------- > --- POWER (1) -------- Ion Engine > --- PROPULSION (2) --- Light Treads Light Treads > --- UTILITY (2) ------ Large Storage Unit Structural Scanner > --- WEAPON (2) ------- Medium Laser Grenade Launcher > --- INVENTORY (15) --- Ion Engine Light Treads Light Treads Light Treads High-capacity Storage Unit High-capacity Matter Pod (0) Assault Rifle Assault Rifle Hammer Peak State ------------ > --- POWER ------------ Ion Engine > --- PROPULSION ------- Light Treads Light Treads > --- UTILITY ---------- Small Storage Unit Structural Scanner > --- WEAPON ----------- EM Pulse Gun Light Assault Rifle > --- INVENTORY -------- Light Ion Engine High-capacity Storage Unit High-capacity Matter Pod Medium Laser Grenade Launcher [Rating: 7] Favorites ----------- Power Ion Engine Engine Ion Engine Propulsion Light Treads Treads Light Treads Utility Structural Scanner Device Structural Scanner Storage Small Storage Unit Weapon Medium Laser Energy Gun Medium Laser Ballistic Gun Assault Rifle Launcher Grenade Launcher Build | -11 -10 -10 ------- Run | Yrd Mat Min Slots Evolved . | . . . Power . | . . . Propulsion . | . . . Utility . | . . . Weapon . | . . . Parts Attached 21 | 7 13 1 Power 3 | 2 1 . Engine 3 | 2 1 . Core . | . . . Reactor . | . . . Propulsion 5 | 2 3 . Treads 5 | 2 3 . Leg . | . . . Wheel . | . . . Hover . | . . . Flight . | . . . Utility 4 | 1 3 . Device 1 | . 1 . Storage 3 | 1 2 . Processor . | . . . Hackware . | . . . Protection . | . . . Artifact . | . . . Weapon 9 | 2 6 1 Energy Gun 2 | 1 1 . Energy Cannon . | . . . Ballistic Gun 4 | 1 3 . Ballistic Cannon . | . . . Launcher 3 | . 2 1 Special Weapon . | . . . Impact Weapon . | . . . Slashing Weapon . | . . . Piercing Weapon . | . . . Special Melee Weapon . | . . . Unidentified Prototypes . | . . . Parts Lost 3 | . 3 . Power . | . . . Propulsion 1 | . 1 . Utility . | . . . Weapon 2 | . 2 . Highest Loss Streak 3 | . 3 . To Critical Strikes . | . . . Average Slot Usage (%) 96 | . 96 100 Engine 14 | . 14 14 Treads 26 | . 26 28 Device 12 | . 12 14 Storage 14 | . 14 14 Energy Gun 13 | . 13 14 Ballistic Gun 10 | . 11 1 Launcher 3 | . 2 12 Peak Build Rating 7 | 6 7 7 Average Rating 6 | 4 6 7 On Entrance 4 | . 6 7 Naked Turns . | . . . Heaviest Build 31 | 13 30 31 Greatest Support 40 | 40 40 40 Greatest Overweight (x) . | . . . Average Overweight (x) . | . . . Largest Inventory Capacity 15 | 8 15 15 Average Capacity 9 | 6 9 15 Most Carried 9 | 2 9 9 Average Carried 6 | . 6 9 Final Capacity 15 | 8 15 15 Final Carried 9 | 2 9 9 Class Distribution -------------------- 100% | Mutant Dominant Class ---------------- Mutant | -10/Materials Mutant | -10/Mines Resources | -11 -10 -10 ----------- Run | Yrd Mat Min Matter Collected 450 | 143 281 26 Remotely . | . . . Salvage Created 535 | . 481 54 Parts 33 | . 31 2 Haulers Intercepted 2 | . 2 . Recyclers Shooed . | . . . Parts Field Recycled . | . . . Retrieved Matter . | . . . Parts Self-Destructed . | . . . Prevented . | . . . Kills | -11 -10 -10 ------- Run | Yrd Mat Min Combat Hostiles Destroyed 13 | . 9 4 Guns 3 | . 3 . AOE 10 | . 6 4 Classes Destroyed 7 | . 6 1 Builder 2 | . 2 . Tunneler 1 | . 1 . Hauler 2 | . 2 . Recycler 1 | . 1 . Watcher 2 | . 2 . Swarmer 3 | . . 3 Grunt 10 | . 9 1 Best Kill Streak 8 | . 8 3 Combat Bots Only 4 | . 4 3 Max Kills in Single Turn 4 | . 4 2 Gunslinging . | . . . Exploded 2 | . 2 2 Melee . | . . . Uniques/NPCs Destroyed . | . . . Combat | -11 -10 -10 -------- Run | Yrd Mat Min Hostile Shots Fired 74 | . 57 17 Missed 17 | . 11 6 Damage Taken 978 | . 771 207 Core 252 | . 196 56 Absorbed by Shields . | . . . Regen/Repaired (Parts) 90 | . 90 . Core Remaining (%) 100 | 100 . . Volleys Fired 49 | . 43 6 Largest 2 | . 2 2 Hottest 80 | . 70 80 Shots Fired 87 | . 75 12 Gun 73 | . 67 6 Cannon . | . . . Launcher 14 | . 8 6 Special . | . . . Kinetic 35 | . 35 . Thermal 21 | . 15 6 Explosive 14 | . 8 6 Electromagnetic 17 | . 17 . Robot Hit Streak 18 | . 18 12 Robot Miss Streak 2 | . 2 1 Penetration Max . | . . . Secondary Targets . | . . . Shots Hit Robots 63 | . 52 11 Core Hits 41 | . 35 6 Critical Kills . | . . . Critical Parts Destroyed . | . . . Critical Strikes . | . . . Melee Attacks . | . . . Impact . | . . . Slashing . | . . . Piercing . | . . . Sneak Attacks . | . . . Combat Hostiles . | . . . Follow-up Attacks . | . . . Damage Inflicted 1706 | . 1317 389 Guns 638 | . 589 49 Cannons . | . . . Explosions 1063 | . 723 340 Melee . | . . . Ramming 5 | . 5 . Kinetic 275 | . 275 . Thermal 286 | . 237 49 Explosive 964 | . 624 340 Electromagnetic 176 | . 176 . Impact . | . . . Slashing . | . . . Piercing . | . . . Highest Corruption . | . . . Average Corruption . | . . . Corruption Purged . | . . . Corruption Blocked . | . . . Overload Shots . | . . . Overflow Damage 40 | . 26 14 Projectiles . | . . . Explosions 40 | . 26 14 Melee . | . . . Knockbacks . | . . . Impact . | . . . Kinetic . | . . . Secondary . | . . . Self-Inflicted Damage 173 | . 102 71 Shots 6 | . 4 2 Rammed 3 | . 3 . Targets Rammed 3 | . 3 . Kicked . | . . . Crushed . | . . . Highest Temperature 198 | . 198 108 Average Temperature 68 | . 72 44 Received Heat Transfer 408 | . 351 57 Siege Activations . | . . . Robots Corrupted . | . . . Combat Hostiles . | . . . Parts Fried . | . . . Impact Corruptions . | . . . Robots Melted . | . . . Combat Hostiles . | . . . Parts Melted . | . . . Heat Transferred 705 | . 557 148 Parts Sabotaged . | . . . Parts Stolen . | . . . Parts Stripped . | . . . Power Chain Reactions 2 | . 2 . Alert | -11 -10 -10 ------- Run | Yrd Mat Min Peak Influence 297 | . 297 164 Initial 28 | . . 28 Average 65 | . 66 101 Maximum Alert Level 1 | . 1 . Low Security (%) 92 | 100 91 100 Level 1 7 | . 8 . Level 2 . | . . . Level 3 . | . . . Level 4 . | . . . Level 5 . | . . . High Security . | . . . Max Security . | . . . Squads Dispatched 2 | . 2 . Investigation 1 | . 1 . Extermination . | . . . Reinforcement 1 | . 1 . Assault . | . . . Garrison . | . . . Intercept . | . . . Searches Triggered . | . . . Construction Impeded . | . . . Haulers Reinforced . | . . . Active Scanning Responses . | . . . Cargo Convoy Interrupts . | . . . Stealth | -11 -10 -10 --------- Run | Yrd Mat Min Distress Signals 1 | . 1 . Communications Jammed . | . . . Distress Signals . | . . . Times Spotted 23 | . 18 5 Peak Tracking Total 6 | . 6 3 Tactical Retreats . | . . . Traps | -11 -10 -10 ------- Run | Yrd Mat Min Traps Triggered 1 | . 1 . Indirectly . | . . . Trap Hack Attempts . | . . . Triggered . | . . . Disarmed . | . . . Reprogrammed . | . . . Reused . | . . . Traps Extracted . | . . . Installed . | . . . Triggered 1 | . 1 . Machines | -11 -10 -10 ---------- Run | Yrd Mat Min Machines Disabled 1 | . 1 . Max in Single Turn 1 | . 1 . Machines Repaired . | . . . Machines Dismantled . | . . . Machines Sabotaged . | . . . Overloaded Fab Kills . | . . . Hacking | -11 -10 -10 --------- Run | Yrd Mat Min Machines Accessed 7 | . 7 . Terminals 6 | . 6 . Fabricators . | . . . Repair Stations 1 | . 1 . Recycling Units . | . . . Scanalyzers . | . . . Garrison Access . | . . . Total Hacks 19 | . 19 . Successful 8 | . 8 . Failed 10 | . 10 . Catastrophic 1 | . 1 . Database Lockouts 1 | . 1 . Manual 9 | . 9 . Terminals 15 | . 15 . Fabricators . | . . . Repair Stations 4 | . 4 . Recycling Units . | . . . Scanalyzers . | . . . Garrison Access . | . . . Terminal Hacks 4 | . 4 . Robot Schematic 1 | . 1 . Prototype ID Bank 2 | . 2 . Locate Traps 1 | . 1 . Fabricator Hacks . | . . . Repair Station Hacks 4 | . 4 . Scan Component 2 | . 2 . Repair 2 | . 2 . Recycling Unit Hacks . | . . . Scanalyzer . | . . . Garrison Access Hacks . | . . . Unauthorized Hacks . | . . . Terminals . | . . . Fabricators . | . . . Repair Stations . | . . . Recycling Units . | . . . Scanalyzers . | . . . Garrison Access . | . . . Data Cores Recovered . | . . . Used . | . . . Hacking Detections 7 | . 7 . Full Trace Events . | . . . Feedback Events . | . . . Feedback Blocked . | . . . Robot Schematics Acquired 1 | . 1 . Robots Built . | . . . Authchips . | . . . Time . | . . . Total Robot Build Rating . | . . . Part Schematics Acquired . | . . . Parts Built . | . . . Authchips . | . . . Time . | . . . Total Part Build Rating . | . . . Parts Repaired 2 | . 2 . Time 52 | . 52 . Parts Recycled . | . . . Recycled Matter . | . . . Retrieved Matter . | . . . Retrieved Components . | . . . Parts Scanalyzed . | . . . Part Schematics Acquired . | . . . Parts Damaged . | . . . Bothacking | -11 -10 -10 ------------ Run | Yrd Mat Min Used RIF Installer . | . . . Robots Hacked . | . . . Non-combat . | . . . Combat . | . . . Robot Hacks Applied . | . . . Relay Couplers Released . | . . . Fabnet Peak Effective % . | . . . Robots Rewired . | . . . Allies Hacked . | . . . Hacks Repelled . | . . . Allies | -11 -10 -10 -------- Run | Yrd Mat Min Total Allies . | . . . Largest Group . | . . . Highest-Rated Group . | . . . Highest-Rated Ally . | . . . Total Orders . | . . . Ally Attacks . | . . . Total Damage . | . . . Kills . | . . . Allies Corrupted . | . . . Allies Melted . | . . . Intel | -11 -10 -10 ------- Run | Yrd Mat Min Robot Analysis Total . | . . . Derelict Logs Recovered . | . . . Drone Launches . | . . . Drone Recoveries . | . . . Exploration | -11 -10 -10 ------------- Run | Yrd Mat Min Turns Passed 1595 | 71 1431 93 Spaces Moved 845 | 40 759 46 Core 3 | 3 . . Treads 842 | 37 759 46 Legs . | . . . Wheels . | . . . Hover . | . . . Flight . | . . . Fastest Speed 50 | 50 160 160 Average Speed 159 | 151 160 160 Slowest Speed 160 | 160 160 160 Overloaded Moves . | . . . Propulsion Burnouts . | . . . Robots Hopped . | . . . Cave-ins Triggered . | . . . Exploration Rate (%) 38 | 3 92 20 Regions Visited 2 Branch Regions 1 Pre-discovered Areas . | . . . Known Exits Taken . | . . . Unknown Exits Taken 2 | 1 1 . Scrap Searched . | . . . Spaces Dug . | . . . Terrain Destroyed 71 | . 34 37 Melee . | . . . Projectile . | . . . AOE 71 | . 34 37 Terrain Rammed . | . . . Walls Destroyed . | . . . Machines Disabled . | . . . Actions | -11 -10 -10 --------- Run | Yrd Mat Min Total 1001 | 47 901 53 Wait 69 | . 69 . Move 843 | 39 758 46 Hop . | . . . Pick Up 11 | 1 10 . Fast Attach 9 | 6 3 . Attach 2 | . 2 . Detach . | . . . Swap 10 | 1 8 1 Drop 5 | . 5 . Fire 49 | . 43 6 Melee . | . . . Ram . | . . . Kick . | . . . Crush 3 | . 3 . Escape Stasis . | . . . Rewire . | . . . Trap . | . . . Miscellaneous . | . . . Route ------- -11/Scrapyard -10/Materials (discovered 4 exits: [*Mat x3] / [*Min]) -10/Mines History --------- Turn | Location | Event 12 | -11/Scrapyard | Discovered new exit (range 15) 72 | -11/Scrapyard | Entered Materials 231 | -10/Materials | Discovered new exit (range 12) 300 | -10/Materials | Build established: Mutant 381 | -10/Materials | Core integrity fell below 50% 435 | -10/Materials | Lost 3 parts (1n2w) 701 | -10/Materials | Discovered new exit (range 7) 749 | -10/Materials | Discovered new exit (range 9) 870 | -10/Materials | Discovered new exit (range 13) 1095 | -10/Materials | Central database locked down 1414 | -10/Materials | Repaired Assault Rifle 1441 | -10/Materials | Repaired Grenade Launcher 1503 | -10/Materials | Entered Mines 1519 | -10/Mines | Core integrity fell below 20% 1596 | -10/Mines | Destroyed by G-34 Mercenary with Small Laser Last Messages --------------- 01441_ Acquired Grenade Launcher. 01451_ K-01 Serf cleans the Repair Station. LOCATION=UNKNOWN GOAL=ESCAPE Something is scanning the area. 01518_ S-10 Pest destroyed. 01521_ Destroyed Flight Unit. 01521_ S-10 Pest destroyed. 01524_ Acquired 12 matter. 01525_ Acquired 10 matter. 01527_ The unstable cave ceiling collapses. 01530_ Acquired 4 matter. 01531_ R-06 Scavenger collects Lgt. Assault Rifle. 01536_ R-06 Scavenger collects Lgt. Ion Engine. 01591_ Destroyed Lgt. Nuclear Core. 01593_ U-05 Engineer lays Concrete. 01594_ G-47 Trooper destroyed. 01595_ U-05 Engineer lays Concrete. 01596_ The unstable cave ceiling collapses. 01596_ U-05 Engineer lays Concrete. Map ----- +----------------------------------------------------+ | ?????????????????????????????????????????????????? | | ?????????????????????????????????????????????????? | | ?????????????????????????????????#####???????????? | | ???????????????????????????????#######???????????? | | ???????????????????????????????### ##??###??????? | | ??????????????????????????????### #??###??????? | | ??????????????????????????????### ???? ??????? | | ??????????????????????????????## #??? ##??????? | | ??????????????????????????????## ##??? ##??????? | | ??????????????????????????????## ##??? ##??????? | | ?????????????????????????? ??### ##??? ##??????? | | ?????????????????????????? ?#### ##??? ##??????? | | ?????????????????????????? ?### ##### ###### ?? | | ?????????????????????????? ?## ##### ###### | | ?????????????????????????? ?## | | ?????????????????????????? ### | | ????????????????????????## #### ###### ## ### ?? | | ????????????????????????## #### ##### ## ### ?? | | ????????????????????????## #### ###### # ##???? | | ???????????????????????? #### #### # ##???? | | ???????????????????####### #### ### ##???? | | ???????????????????####### #### ### ### ???? | | ???????????????????## #### #### ### #### ???? | | ????????????????##### #### ###?????? | | ???????????########## #### t ####???## | | ??????????### @ ### ######## | | ??????????## # #### ###### | | ??????????## #### ##### ## | | ??????????## % g ###### ##### | | ??????????# ###?####### ###### | | ???????????? #???####### ##?#### | | ???????????? u ??????????### ##??#### | | ???????????? ##### ???????????#######???#### | | ????????????? ###### ???????????#######????#### | | ????????????????????????????????????????????##### | | ?????????????????????????????????????????????##### | | ????????????????????????????????????????????????## | | ?????????????????????????????????????????????????# | | ?????????????????????????????????????????????????? | | ?????????????????????????????????????????????????? | | ?????????????????????????????????????????????????? | | ?????????????????????????????????????????????????? | | ?????????????????????????????????????????????????? | | ?????????????????????????????????????????????????? | | ?????????????????????????????????????????????????? | | ?????????????????????????????????????????????????? | | ?????????????????????????????????????????????????? | | ?????????????????????????????????????????????????? | | ?????????????????????????????????????????????????? | | ?????????????????????????????????????????????????? | +----------------------------------------------------+ Best States ------------- Heat Dissipation 25 Energy Generation 10 Energy Capacity 250 Matter Stores 224 Matter Capacity 300 Sight Range 16 Terrain Scan Density 10 Evasion (%) 40 Recoil Reduction 2 Item Schematics ----------------- None Robot Schematics ------------------ M-13 Machinist | -10/Materials | Hacked Fabricated ------------ Nothing Alien Tech Used ----------------- None Achievements -------------- None Challenges ------------ None Game ------ Seed ShockDisruptionGuard Manual? 0 Play Time 00:05:30 Cumulative 647.6 hours Start 2025.03.14 @ 07:28:36 End 2025.03.14 @ 07:33:49 Sessions 1 Manual Loads 0 Difficulty Rogue Special Mode None Game No. 349 Rogue 349 Adventurer 0 Explorer 0 Win Type - Total 52 Types 35/4/5/1/1/1/3/1/1 Lore% 89 Gallery% 88 Achievement% 89 Wizard Run 0 Options --------- Layout 0 ASCII 0 Keyboard 1 Movement Numpad Keybinds 0 Fullscreen 2 Font 18/SmallcapsGlow Map View 76x50 Zoom Use 0% Tactical HUD 1 Map Filters NONE Filters NONE Steam 1 RUN: 8756c542-7b3b-4846-afe9-1ce52233e70f